 Dungeon Crawl Stone Soup version 0.29-a0-559-g359e09b9d1 (console) character file.

Game seed: 8542672547693723702

142 om the Insei (level 5, 0/57 HPs)
             Began as a Merfolk Transmuter on June 10, 2022.
             Succumbed to a scorpion's poison
             ... on level 4 of the Dungeon.
             The game lasted 00:06:19 (4414 turns).

om the Insei (Merfolk Transmuter)                   Turns: 4414, Time: 00:06:19

Health: 0/57       AC: 22    Str: 12    XL:     5   Next: 24%
Magic:  9/9        EV:  2    Int: 12    God:
Gold:   136        SH:  3    Dex: 15    Spells: 4/9 levels left

rFire   . . .      SeeInvis .     - Unarmed
rCold   . . .      Faith    .   h - +0 buckler
rNeg    . . .      Spirit   .   (body armour currently unavailable)
rPois   +          Reflect  .   (helmet currently unavailable)
rElec   .          Harm     .   (cloak currently unavailable)
rCorr   .          Rampage  .   (gloves currently unavailable)
Will    .....      NoTele   +   (boots currently unavailable)
Stlth   +.........              g - amulet of the acrobat
HPRegen 0.19/turn               (no ring)
MPRegen 0.11/turn               (no ring)

@: lethally poisoned (0 -> -13), tree-form
A: stationary, stasis, torment immunity, boosted hp, (nimble swimmer 2),
(mertail)
a: no special abilities


You were on level 4 of the Dungeon.
You were a tree.
You visited 1 branch of the dungeon, and saw 4 of its levels.

You collected 136 gold pieces.

Inventory:

Hand Weapons
 d - a +0 spear
Armour
 a - a +0 robe (melded)
 h - a +0 buckler (worn)
 l - a +1 pair of boots (melded)
Jewellery
 g - an amulet of the acrobat (around neck)
Scrolls
 c - a scroll of fear
 e - a scroll of poison
 f - a scroll of brand weapon
 j - a scroll of immolation {unknown}
 m - a scroll of teleportation
Potions
 k - a potion of brilliance {unknown}
 o - a potion of berserk rage {unknown}
 p - a potion of heal wounds {unknown}
 q - a potion of degeneration {unknown}


   Skills:
 + Level 1.9 Fighting
 * Level 2.9 Polearms
 + Level 3.2 Dodging
 * Level 3.9 Unarmed Combat
 * Level 2.9 Spellcasting
 * Level 3.6 Transmutations


You had 4 spell levels left.
You knew the following spells:

 Your Spells              Type           Power      Damage    Failure   Level
a - Beastly Appendage     Tmut           20%        N/A       8%          1
b - Wereblood             Tmut           10%        N/A       12%         2
c - Blink                 Tloc           2%         N/A       45%         2

Your spell library contained the following spells:

 Spells                   Type           Power      Damage    Failure   Level
 Spider Form              Tmut/Pois      6%         N/A       43%         3
 Lesser Beckoning         Tloc           1%         N/A       71%         3
 Ice Form                 Ice/Tmut       6%         N/A       85%         4
 Manifold Assault         Tloc           1%         N/A       100%        5
 Malign Gateway           Summ/Tloc      0%         N/A       100%        7
 Summon Horrible Things   Summ           0%         N/A       100%        8


Dungeon Overview and Level Annotations

Branches:
Dungeon (4/15)
 Temple: D:4-7

Altars:


Innate Abilities, Weirdness & Mutations

You are a tree.
Your roots penetrate the ground, keeping you stationary.
You cannot be teleported.
You are immune to unholy pain and torment.
Your maximum health is greatly increased.
Your equipment is partially melded.
((You are very nimble when in or above water. (Stealth+, EV+, Speed+++)))
((Your lower body shifts to a powerful aquatic tail in water.))


Message History

Casting: Beastly Appendage (safe; 8% risk of failure)
Press: ? - help, Q - select action, (/) - cycle Dir - look around, f - activate You grow a pair of large bovine horns.
Your +1 pair of boots melds into your body.
The scorpion stings you.
* * * LOW HITPOINT WARNING * * *
You closely miss the scorpion.
The scorpion is almost dead.
The scorpion stings you.
* * * LOW HITPOINT WARNING * * *
You are lethally poisoned!
The scorpion poisons you!
You are confused.
You feel invigorated.
* * * LOW HITPOINT WARNING * * *
You feel very sick. The scorpion closely misses you. The scorpion stings you.
* * * LOW HITPOINT WARNING * * *
You are more poisoned.
The scorpion poisons you!
You bump into the rock wall.
* * * LOW HITPOINT WARNING * * *
You feel very sick. The scorpion stings you.
* * * LOW HITPOINT WARNING * * *
Unknown command.
Really quaff the potion of lignification?
Your horns disappear.
Your +1 pair of boots unmelds from your body.
You turn into a tree.
Your +1 pair of boots melds into your body.
Your +0 robe melds into your body.
Your roots penetrate the ground.
You feel less invigorated.
You feel less confused.
* * * LOW HITPOINT WARNING * * *
You feel very sick.
The scorpion stings you but does no damage.
You hit the scorpion.
You kill the scorpion!
You die...

#########
#.......#
#♣# #.#
.#.#######.#
...........#
.#.##...####
.....###.#
.... #.#####
..
#.###.....#
#...####.#


There were no monsters in sight!

Vanquished Creatures
  A scorpion (D:4)
  A hound (D:4)
  5 adders
  2 worms
  2 dart slugs
  7 endoplasms
  3 giant cockroaches
  5 hobgoblins
  6 jackals
  4 kobolds
  5 quokkas
  4 ball pythons
  3 bats
  4 frilled lizards (D:1)
  7 rats
59 creatures vanquished.

Notes
Turn   | Place    | Note
-------+----------+-------------------------------------------
     0 | D:1      | om the Merfolk Transmuter began the quest for the Orb.
     0 | D:1      | Reached XP level 1. HP: 15/15 MP: 3/3
   266 | D:1      | Reached skill level 1 in Polearms
   266 | D:1      | Reached XP level 2. HP: 18/21 MP: 3/5
   665 | D:1      | Found a faded altar of an unknown god.
  1141 | D:1      | Reached XP level 3. HP: 26/26 MP: 4/6
  2078 | D:2      | You fall into a shaft and drop 1 floor!
  2484 | D:2      | Learned a level 2 spell: Wereblood
  2494 | D:2      | Learned a level 2 spell: Blink
  2560 | D:2      | Reached XP level 4. HP: 19/33 MP: 5/7
  2756 | D:2      | Identified the +6 whip "Faown" {vorpal, Fragile rElec
                  | Int+4}
  4298 | D:4      | Reached XP level 5. HP: 30/38 MP: 9/9
  4414 | D:4      | Succumbed to a scorpion's poison

Illustrated notes

Levels and vault maps discovered:
D:1:      ncdulo_watergridlock, layout_basic,
          hellmonk_ecumenical_altar_pennies_from_heaven
D:2:      minmay_chambers_of_ones, layout_rooms
D:3:      layout_basic
D:4:      layout_loops_ring, kennysheep_diamond

Skill      XL: |  1  2  3 |
---------------+----------+-----
Polearms       | 1 2 |  2.9
Transmutations | 3 |  3.6
Dodging        | 3 |  3.2
Fighting       | |  1.9
Unarmed Combat | |  3.9
Spellcasting   | |  2.9

Action                   |  1- 3 |  4- 6 || total
-------------------------+-------+-------++-------
Melee: Spear             |   122 |   112 ||   234
       Headbutt          |     7 |    10 ||    17
       Punch             |     1 |       ||     1
       Unarmed           |       |    38 ||    38
 Cast: Beastly Appendage |    17 |    12 ||    29
       Wereblood         |       |     1 ||     1
  Use: Scroll            |     3 |     2 ||     5
       Potion            |       |     4 ||     4
 Stab: Sleeping          |     2 |     2 ||     4
Armor: Robe              |    14 |    24 ||    38
       Skin              |       |     1 ||     1
Dodge: Dodged            |    67 |   100 ||   167
Block: Buckler           |     8 |    15 ||    23

Table legend: (Time is in decaauts)
 A = Elapsed time spent in this place.
 B = Non-inter-level travel time spent in this place.
 C = Inter-level travel time spent in this place.
 D = Time resting spent in this place.
 E = Time spent auto-exploring this place.
 F = Levels seen in this place.
 G = Mean time per level.
                   A        B        C        D        E       F      G
               +--------+--------+--------+--------+--------+-----+--------+
         Total |   4417 |   4196 |    221 |    758 |   2844 |   4 | 1104.2 |
       Dungeon |   4417 |   4196 |    221 |    758 |   2844 |   4 | 1104.2 |
               +--------+--------+--------+--------+--------+-----+--------+

Top non-repeatable levels by time:
     D:1: 1573 daAuts
     D:3: 1445 daAuts
     D:2: 1198 daAuts
     D:4: 199 daAuts
